 Dungeon Crawl Stone Soup version 0.31.0-11-ge490571c62 (webtiles) character file.

Game seed: 11654854881225325394

195 groovy9 the Chopper (level 5, -6/48 HPs)
             Began as a Hill Orc Fighter on Jan 31, 2024.
             Mangled by an iguana (12 damage)
             ... on level 3 of the Dungeon.
             The game lasted 00:06:48 (3252 turns).

groovy9 the Chopper (Hill Orc Fighter)              Turns: 3252, Time: 00:06:49

Health: -6/48      AC:  8    Str: 21    XL:     5   Next: 74%
Magic:  5/5        EV:  9    Int:  8    God:
Gold:   95         SH:  4    Dex: 10    Spells: 4/4 levels left

rFire   . . .        a - +0 war axe
rCold   . . .        c - +0 buckler
rNeg    . . .        b - +0 scale mail
rPois   +            (no helmet)
rElec   .            (no cloak)
rCorr   .            (no gloves)
SInv    .            l - +0 pair of boots
Will    .....        (no amulet) Stlth
                     f - ring of poison resistance
HPRegen 0.28/turn    (no ring)
MPRegen 0.09/turn

%: no passive effects
@: no status effects
A: no striking features
a: no special abilities


You were on level 3 of the Dungeon.
You visited 1 branch of the dungeon, and saw 4 of its levels.

You collected 95 gold pieces.

Inventory:

Hand Weapons
 a - a +0 war axe (weapon)
Missiles
 u - 3 boomerangs (quivered)
Armour
 b - a +0 scale mail (worn)
 c - a +0 buckler (worn)
 l - a +0 pair of boots (worn)
Jewellery
 f - a ring of poison resistance (left hand)
Scrolls
 m - a scroll of vulnerability {unknown}
 n - a scroll of identify {unknown}
 o - a scroll of enchant armour {unknown}
 q - 2 scrolls of summoning
 t - a scroll of amnesia {unknown}
Potions
 d - a potion of might
 e - a potion of brilliance {unknown}
 g - a potion of resistance {unknown}
 h - a potion of cancellation {unknown}
 j - a potion of curing {unknown}
 p - a potion of heal wounds {unknown}
 r - a potion of attraction {unknown}
 s - a potion of magic {unknown}


   Skills:
 + Level 5.2 Fighting
 * Level 6.4 Axes
 - Level 3.2 Armour
 - Level 3.2 Shields


You had 4 spell levels left.
You didn't know any spells.
Your spell library contained the following spells:

 Spells                   Type           Power      Damage    Failure   Level
 Call Imp                 Summ           0%         N/A       91%         2
 Sublimation of Blood     Necr           0%         N/A       91%         2
 Summon Hydra             Summ           0%         N/A       100%        7


Dungeon Overview and Level Annotations

Branches:
Dungeon (4/15)
 Temple: D:4-7

Altars:


Message History

You slash the phantom!
You destroy the phantom!
Your Fighting skill increases to level 5!
Your Axes skill increases to level 6!
There is a stone staircase leading down here.
You start resting.
HP restored.
You climb downwards.
The iguana bites you. You block the iguana's attack.
There is a stone staircase leading up here.
You barely miss the iguana. The iguana barely misses you.
You slash the iguana!
The iguana is heavily wounded.
The iguana bites you!
You are too injured to fight recklessly!
You are too injured to fight recklessly!
You are too injured to fight recklessly!
You are too injured to fight recklessly!
You are too injured to fight recklessly!
You are too injured to fight recklessly!
You hit the iguana but do no damage.
The iguana is heavily wounded.
The iguana bites you. x2
You closely miss the iguana.
The iguana is heavily wounded.
The iguana bites you.
You hit the iguana.
The iguana is heavily wounded.
The iguana bites you!
You hit the iguana.
The iguana is almost dead.
The iguana bites you!
* * * LOW HITPOINT WARNING * * *
You hit the iguana.
The iguana is almost dead.
The iguana bites you.
* * * LOW HITPOINT WARNING * * *
You barely miss the iguana.
The iguana is almost dead.
The iguana bites you!
You die...

.# #.##...###.#.####.# #.# .#
#.##...........##.######.#
.###.##...###............##.#
.........## #....###.###.##.#
####.##### #...............# #.#
###.########.#### #.# #.# #.# #.#
##'#### #.# #.# ###..@l.# #.#
#.## ##.#)#.#.## #.######## #..##
#....>....# #.........
####...#####.#[#.#.#####...#####.
..........'.........+.......# #.
###....#####.#.#.#.#####...### #.
#.#.## #.........# #.....# #.
#.### ##.#.#.#.## #.###.# #. #.#
#.........# #.###.###.


You could see an iguana.

Vanquished Creatures
  A phantom (D:2)
  An orc wizard (D:3)
  2 adders
  3 dart slugs
  A ribbon worm (D:2)
  6 orcs (D:3)
  2 bats (D:2)
  An endoplasm (D:1)
  5 giant cockroaches
  7 goblins
  9 hobgoblins
  2 jackals (D:1)
  7 kobolds
  6 ball pythons
  4 frilled lizards
  4 rats
61 creatures vanquished.

Notes
Turn   | Place    | Note
-------+----------+-------------------------------------------
     0 | D:1      | groovy9 the Hill Orc Fighter began the quest for the Orb.
     0 | D:1      | Reached XP level 1. HP: 19/19 MP: 1/1
   110 | D:1      | Reached skill level 3 in Axes
   218 | D:1      | Reached XP level 2. HP: 27/27 MP: 2/2
   529 | D:1      | Reached skill level 4 in Axes
   568 | D:1      | Reached XP level 3. HP: 33/33 MP: 3/3
  1547 | D:2      | Reached XP level 4. HP: 34/41 MP: 4/4
  2022 | D:3      | Reached skill level 5 in Axes
  2374 | D:3      | Identified the +0 ring mail of Youthful Indiscretion {rCorr
                  | Dex+3}
  2804 | D:3      | Reached XP level 5. HP: 44/47 MP: 5/5
  3092 | D:4      | Noticed a phantom
  3192 | D:2      | Killed a phantom
  3193 | D:2      | Reached skill level 5 in Fighting
  3193 | D:2      | Reached skill level 6 in Axes
  3252 | D:3      | Mangled by an iguana

Illustrated notes

Levels and vault maps discovered:
D:1:      moated_graveyard_arrival, layout_basic, hangedman_decor_lopped
D:2:      layout_loops_corners
D:3:      layout_loops_corners, grunt_decor_mini_mirrors,
          minmay_misc_feat_alley, st_stairs_9
D:4:      layout_rooms, nemelex_spade_bored_becter, minmay_cupped

Skill      XL: |  1  2  3  4  5 |
---------------+----------------+-----
Axes           | 3 4 5 6 |  6.4
Fighting       | 4 5 |  5.2
Armour         | |  3.2
Shields        | |  3.2

Action                     |  1- 3 |  4- 6 || total
---------------------------+-------+-------++-------
  Melee: War axe           |    96 |    88 ||   184
    Use: Scroll            |       |     3 ||     3
 Armour: Scale mail        |    57 |    59 ||   116
  Dodge: Dodged            |    42 |    37 ||    79
  Block: Buckler           |    17 |    29 ||    46
